 Seeded DCSS version 0.29.1-12-g30fa7ad0bf (webtiles) character file.

Game seed: 9845822215292249863 (custom seed)

11050 Sanktem7 the Severer (level 11, 0/93 (108) HPs)
             Began as a Minotaur Fighter on Jan 7, 2023.
             Was a High Priest of Okawaru.
             Slain by a profane servitor
             ... wielding a +2 whip
              (6 damage)
             ... on level 1 of the Abyss.
             The game lasted 00:22:25 (8942 turns).

Sanktem7 the Severer (Minotaur Fighter)             Turns: 8942, Time: 00:22:26

HP:   0/93 (108)    AC: 17    Str: 32    XL:     11   Next: 44%
MP:   10/10         EV:  9    Int:  5    God:    Okawaru [*****.]
Gold: 1590          SH: 13    Dex:  9    Spells: 10/10 levels left

rFire   . . .      SeeInvis +   g - +14 obsidian axe {vorpal, Mesm Drain Fly SInv}
rCold   . . .      Faith    .   L - +1 tower shield {reflect}
rNeg    . . .      Spirit   .   B - +0 chain mail
rPois   .          Reflect  +   (helmet restricted)
rElec   .          Harm     .   (no cloak)
rCorr   .          Rampage  .   E - +2 pair of gloves
Will    .....                   u - +2 pair of boots
Stlth   ..........              l - amulet of the acrobat
HPRegen 0.25/turn               y - +4 ring of evasion
MPRegen 0.12/turn               Q - +6 ring of strength

@: flying, mesmerised, wreathed by umbra, heavily drained
A: horns 2, retaliatory headbutt
a: Renounce Religion, Heroism, Finesse, Duel


You were on level 1 of the Abyss.
You worshipped Okawaru.
Okawaru was extremely pleased with you.
You visited 3 branches of the dungeon, and saw 12 of its levels.
You visited the Abyss 1 time.

You collected 1590 gold pieces.


Innate Abilities, Weirdness & Mutations

You have a pair of horns on your head.
You reflexively headbutt those who attack you in melee.


   Skills:
 * Level 13.9 Fighting
 * Level 17.7 Axes
 + Level 4.8 Throwing
 - Level 8.0 Armour
 - Level 6.0 Shields


You had 10 spell levels left.
You didn't know any spells.
Your spell library contained the following spells:

 Spells                   Type           Power      Damage    Failure   Level
 Magic Dart               Conj           0%         1d3       100%        1
 Poisonous Vapours        Pois/Air       0%         N/A       100%        2
 Scorch                   Fire           0%         2d5       100%        2
 Gell's Gravitas          Tloc           0%         N/A       100%        3
 Lesser Beckoning         Tloc           0%         N/A       100%        3
 Mephitic Cloud           Conj/Pois/Air  0%         N/A       100%        3
 Teleport Other           Tloc           0%         N/A       100%        3
 Corpse Rot               Necr/Pois/Air  0%         N/A       100%        4
 Flame Wave               Conj/Fire      0%         2d4       100%        4
 Call Imp                 Summ           Unusable   N/A       N/A         2
 Summon Cactus Giant      Summ           Unusable   N/A       N/A         6

Inventory:

Hand Weapons
 g - the +14 obsidian axe (weapon) {vorpal, Mesm Drain Fly SInv}
   (You acquired it on level 1 of the Dungeon)

   It inflicts extra damage upon your enemies.
   It occasionally summons demons to assist the wielder when it strikes in
   combat.
   Its wielder is mesmerised by any visible foes.
   It cannot be unequipped while any foes are visible.
   SInv:      It lets you see invisible.
   Fly:       It grants you flight.
   Drain:     It drains your maximum health when unequipped.
Missiles
 a - 2 throwing nets {=f!fthrowing}
 c - 14 boomerangs {throwing}
 k - 2 stones {throwing}
 n - 58 poisoned darts (quivered) {throwing}
 s - 2 curare-tipped darts {=fthrowing}
 G - 2 silver javelins {throwing}
 J - 2 boomerangs of dispersal {=f!fthrowing}
 K - 4 javelins {throwing}
Armour
 q - the +3 buckler "Boaz" {+Inv rElec Dex-5 Stlth+}
   (You acquired it on level 9 of the Dungeon)

   Dex:       It affects your dexterity (-5).
   rElec:     It insulates you from electricity.
   +Inv:      It lets you turn invisible.
   Stlth:     It makes you more stealthy.
 r - a +0 buckler of fire resistance
   (You found it on level 2 of the Dungeon)
 u - a +2 pair of boots (worn)
   (You found it on level 2 of the Dungeon)
 B - a +0 chain mail (worn)
   (You found it on level 3 of the Dungeon)
 E - a +2 pair of gloves (worn)
   (You found it on level 8 of the Dungeon)
 L - a +1 tower shield of reflection (worn)
   (Okawaru gifted it to you on level 10 of the Dungeon)
Jewellery
 j - a ring of willpower
   (You found it on level 1 of the Dungeon)
 l - an amulet of the acrobat (around neck)
   (You found it on level 1 of the Dungeon)
 y - a +4 ring of evasion (left hand)
   (You found it on level 7 of the Dungeon)
 I - a ring of fire
   (You found it on level 9 of the Dungeon)
 Q - a +6 ring of strength (right hand)
   (You found it on level 10 of the Dungeon)
Wands
 i - a wand of polymorph (11)
   (You found it on level 6 of the Dungeon)
 D - a wand of mindburst (10)
   (You found it on level 4 of the Dungeon)
 F - a wand of light (4)
   (You found it on level 8 of the Dungeon)
Scrolls
 e - 5 scrolls of teleportation {@r4}
 f - 4 scrolls of identify {@r1}
 h - a scroll of blinking {!r}
 m - 6 scrolls of amnesia
 t - a scroll of poison {!r}
 w - 4 scrolls of butterflies
 x - a scroll of enchant weapon
 A - 2 scrolls of fear
Potions
 b - a potion of haste {@q3}
 d - 2 potions of might
 o - 6 potions of curing {@q1}
 v - 2 potions of brilliance
 z - a potion of flight
 C - a potion of lignification {!q}
 H - a potion of resistance
 N - a potion of cancellation {unknown}
 O - 2 potions of magic
 P - a potion of experience {unknown}

Dungeon Overview and Level Annotations

Branches:
Dungeon (10/15) Zot: 26157  Temple (1/1) D:4 Zot: 5966    Lair (0/5) D:10
    Orc (1/2) D:10 Zot: 5756

Altars:
Dithmenos
Elyvilon
Fedhas
Gozag
Kikubaaqudgha
Makhleb
Okawaru
Sif Muna
Vehumet
Wu Jian
Xom
Zin

Shops:
D:10 [

Annotations:
Orc:1 Erolcha

#.#
###..#. #
# #.. ...
. .##.. .
#.# #
.### ..
#.# .. #
# ####.#
#.#.# #.
....... #
# . ##
#.#.# .#
###.#..#
..# #@###
##
#.A......
.....####
#####.#
.# #


You could see a profane servitor (mesmerising).


Message History

😨 HP[+30]
You regained 30 hp, and now have 41/98 hp.
You slash the profane servitor!
Your headbutt misses the profane servitor.
The profane servitor hits you with a +2 whip.
* * * LOW HITPOINT WARNING * * *
The profane servitor draws strength from your injuries!
The profane servitor hits you but does no damage.
The profane servitor misses you.
The profane servitor hits you with a +2 whip.
* * * LOW HITPOINT WARNING * * *
You feel drained.
* * * LOW HITPOINT WARNING * * *
😨 HP[-7]
You now have 97 max hp (-1).
You take 7 damage, and now have 34/97 hp.
You closely miss the profane servitor.
Your headbutt misses the profane servitor.
You block the profane servitor's attack.
The profane servitor hits you with a +2 whip.
* * * LOW HITPOINT WARNING * * *
You feel drained. 😨 HP[-3]
You now have 96 max hp (-1).
You take 3 damage, and now have 31/96 hp.
You slash the profane servitor!
Your headbutt misses the profane servitor.
The profane servitor hits you with a +2 whip!
* * * LOW HITPOINT WARNING * * *
The profane servitor draws strength from your injuries!
The profane servitor hits you with a +2 whip!
* * * LOW HITPOINT WARNING * * *
You block the profane servitor's attack.
The profane servitor hits you but does no damage. 😱 HP[-20]
You take 20 damage, and now have 11/96 hp.
MASSIVE DAMAGE!! (PAUSE)
You feel much better.
The profane servitor hits you with a +2 whip.
* * * LOW HITPOINT WARNING * * *
The profane servitor draws strength from your injuries!
The profane servitor hits you with a +2 whip.
* * * LOW HITPOINT WARNING * * *
You feel drained.
The profane servitor hits you with a +2 whip!
* * * LOW HITPOINT WARNING * * *
The profane servitor draws strength from your injuries!
You block the profane servitor's attack. 😱 HP[-4]
You now have 95 max hp (-1).
You take 4 damage, and now have 7/95 hp.
You feel much better.
The profane servitor hits you but does no damage.
The profane servitor hits you with a +2 whip!
* * * LOW HITPOINT WARNING * * *
You feel drained.
* * * LOW HITPOINT WARNING * * *
😱 HP[+12]
You now have 93 max hp (-2).
You regained 12 hp, and now have 19/93 hp.
You feel much better.
You block the profane servitor's attack. x2
The profane servitor closely misses you.
You furiously retaliate!
You headbutt the profane servitor!
The profane servitor misses you. 😨 HP[+16]
You regained 16 hp, and now have 35/93 hp.
As you read the scroll of teleportation {@r4}, it crumbles to dust.
You feel strangely stable.
The profane servitor closely misses you.
The profane servitor hits you but does no damage.
You cannot move away from the profane servitor!
You cannot move away from the profane servitor!
You slice the profane servitor!!
Your headbutt misses the profane servitor.
The profane servitor hits you with a +2 whip.
* * * LOW HITPOINT WARNING * * *
The profane servitor draws strength from your injuries!
The profane servitor hits you but does no damage.
The profane servitor hits you with a +2 whip.
* * * LOW HITPOINT WARNING * * *
The profane servitor draws strength from your injuries!
You block the profane servitor's attack. 😨 HP[-3]
You take 3 damage, and now have 32/93 hp.
You slice the profane servitor!!
Your headbutt misses the profane servitor.
The profane servitor hits you with a +2 whip!
* * * LOW HITPOINT WARNING * * *
The profane servitor draws strength from your injuries!
The profane servitor hits you but does no damage. 😱 HP[-14]
You take 14 damage, and now have 18/93 hp.
You slash the profane servitor!
The profane servitor hits you with a +2 whip!
* * * LOW HITPOINT WARNING * * *
The profane servitor draws strength from your injuries!
The profane servitor hits you but does no damage. x2
The profane servitor hits you with a +2 whip.
You die...

Skill      XL: |  1  2  3  4  5  6  7  8  9 10 11 |
---------------+----------------------------------+-----
Fighting       | 4 5 7 9 11 13 | 13.9
Axes           | 3 4 6 8 9 11 14 17 | 17.7
Shields        | 4 5 6 |  6.0
Armour         | 4 5 6 8 |  8.0
Throwing       | 3 4 |  4.8

Action                   |  1- 3 |  4- 6 |  7- 9 | 10-12 || total
-------------------------+-------+-------+-------+-------++-------
Melee: War axe           |    34 |       |       |       ||    34
       Headbutt          |     9 |     4 |    10 |    25 ||    48
       Broad axe         |    21 |    64 |   149 |   147 ||   381
  Use: Scroll            |     3 |       |    13 |     9 ||    25
       Potion            |       |       |     3 |     4 ||     7
 Stab: Distracted        |       |     1 |       |       ||     1
Armor: Scale mail        |    23 |    12 |       |       ||    35
       Chain mail        |       |     5 |    45 |    44 ||    94
Dodge: Dodged            |    38 |    24 |    78 |    69 ||   209
Block: Buckler           |    16 |    10 |    22 |    27 ||    75
       Tower shield      |       |       |       |    29 ||    29

Levels and vault maps discovered:
D:1:      giann_bridges, layout_basic
D:2:      layout_loops_cross, ebering_ecumenical_altar_hall
D:3:      layout_basic, uniq_natasha
D:4:      layout_loops_ring, lemuel_temple_firewalk_a, uniq_pikel,
          uniq_eustachio, uniq_menkaure
D:5:      layout_cave_pods, kennysheep_mini_moat
D:6:      layout_basic, serial_bayou_crossing, uniq_grinder
D:7:      layout_cave_pools, ebering_ghost_gozag, grunt_ministairs_3
D:8:      layout_basic, minitemple
D:9:      layout_long_grid
D:10:     layout_loops_cross, mainiacjoe_overflow_brackets,
          erik_lair_orcish_takeover, orc_david_3
Temple:   eino_temple_scatter_basement
Orc:1:    layout_caves, ebering_ghost_xom, serial_shops, nicolae_square_shop,
          uniq_harold, uniq_nergalle, uniq_erolcha
Abyss:1:  base: D:3, base:
D:8

Notes
Turn   | Place    | Note
-------+----------+-------------------------------------------
     0 | D:1      | Sanktem7 the Minotaur Fighter began the quest for the Orb.
     0 | D:1      | Reached XP level 1. HP: 19/19 MP: 0/0
     0 | D:1      | magus.rc [v1.9.6]
   211 | D:1      | Reached XP level 2. HP: 27/27 MP: 1/1
   276 | D:1      | Reached skill level 4 in Fighting
   300 | D:1      | Reached skill level 3 in Axes
   451 | D:1      | Reached XP level 3. HP: 33/33 MP: 2/2
   456 | D:1      | Reached skill level 4 in Shields
   634 | D:1      | Identified 3 scrolls of acquirement
   634 | D:1      | Acquired 842 gold pieces
   635 | D:1      | Acquired the +14 obsidian axe {vorpal, Mesm Drain Fly SInv}
   635 | D:1      | Found the +14 obsidian axe {vorpal, Mesm Drain Fly SInv}
   636 | D:1      | Acquired a manual of Axes
   674 | D:2      | Reached skill level 4 in Armour
   675 | D:2      | Found a faded altar of an unknown god.
   877 | D:2      | You pick up a book of Displacement and begin reading...
   877 | D:2      | You add the spells Lesser Beckoning, Gell's Gravitas and
                  | Teleport Other to your library.
  1221 | D:2      | Reached skill level 4 in Axes
  1221 | D:2      | Reached XP level 4. HP: 41/41 MP: 3/3
  1499 | D:3      | Noticed Natasha
  1502 | D:3      | Killed Natasha
  1503 | D:3      | Reached XP level 5. HP: 47/47 MP: 4/4
  1511 | D:3      | Found the +4 robe of Augmentation {Str+4 Int+4 Dex+4}
  1738 | D:3      | Reached skill level 5 in Fighting
  1738 | D:3      | Reached skill level 5 in Axes
  2208 | D:3      | Noticed Natasha
  2212 | D:3      | Killed Natasha
  2317 | D:4      | Reached skill level 6 in Axes
  2317 | D:4      | Reached XP level 6. HP: 56/56 MP: 5/5
  2326 | D:4      | Noticed Eustachio
  2331 | D:4      | Killed Eustachio
  2332 | D:4      | Reached skill level 5 in Shields
  2678 | D:4      | Noticed Pikel
  2683 | D:4      | Killed Pikel
  2684 | D:4      | Reached skill level 7 in Fighting
  2684 | D:4      | Reached skill level 8 in Axes
  2684 | D:4      | Reached skill level 5 in Armour
  2684 | D:4      | Reached XP level 7. HP: 60/66 MP: 6/6
  2723 | D:4      | Noticed Menkaure
  2729 | D:4      | Killed Menkaure
  2730 | D:4      | Reached skill level 9 in Axes
  2855 | D:4      | Found a staircase to the Ecumenical Temple.
  2864 | Temple   | Entered the Ecumenical Temple
  2887 | Temple   | Became a worshipper of Warmaster Okawaru
  3042 | D:5      | Entered Level 5 of the Dungeon
  3101 | D:5      | Reached XP level 8. HP: 69/73 MP: 7/7
  3107 | D:5      | Reached skill level 6 in Shields
  3135 | D:5      | Reached skill level 10 in Axes
  3135 | D:5      | Reached skill level 6 in Armour
  3214 | D:5      | Reached * piety under Okawaru
  3215 | D:5      | Reached skill level 8 in Fighting
  3478 | D:5      | Found an ancient bone altar of Kikubaaqudgha.
  3767 | D:5      | Reached skill level 11 in Axes
  4398 | D:6      | Reached skill level 9 in Fighting
  4399 | D:6      | Reached ** piety under Okawaru
  4552 | D:6      | You pick up a book of Minor Magic and begin reading...
  4552 | D:6      | You add the spells Magic Dart and Mephitic Cloud to your
                  | library.
  4578 | D:6      | You pick up a book of Vapours and begin reading...
  4578 | D:6      | You add the spells Poisonous Vapours and Corpse Rot to your
                  | library.
  4690 | D:6      | Reached XP level 9. HP: 57/83 MP: 8/8
  4740 | D:6      | Noticed Grinder
  4743 | D:6      | Paralysed by Grinder for 4 turns
  4747 | D:6      | Killed Grinder
  4748 | D:6      | Reached skill level 12 in Axes
  4748 | D:6      | Reached skill level 7 in Armour
  5416 | D:7      | Reached *** piety under Okawaru
  5417 | D:7      | Reached skill level 10 in Fighting
  5417 | D:7      | Reached skill level 13 in Axes
  5610 | D:7      | Found a runed translucent gate.
  5622 | D:7      | Found a runed translucent gate.
  5622 | D:7      | Found a runed translucent gate.
  5623 | D:7      | Found an opulent altar of Gozag.
  5623 | D:7      | Noticed Dillybarz's ghost (novice FeSu)
  5896 | D:7      | Killed Dillybarz's ghost
  5897 | D:7      | Reached skill level 14 in Axes
  5969 | D:8      | Reached skill level 8 in Armour
  6102 | D:8      | Reached skill level 11 in Fighting
  6114 | D:8      | You pick up a book of Scorching and begin reading...
  6114 | D:8      | You add the spells Scorch and Flame Wave to your library.
  6159 | D:8      | Found a white marble altar of Elyvilon.
  6193 | D:8      | Reached **** piety under Okawaru
  6195 | D:8      | Reached XP level 10. HP: 95/96 MP: 9/9
  6232 | D:8      | Found an ornate altar of the Wu Jian Council.
  6232 | D:8      | Found a shadowy altar of Dithmenos.
  6237 | D:8      | Found a blossoming altar of Fedhas.
  6609 | D:8      | Reached skill level 15 in Axes
  6784 | D:9      | Noticed a boulder beetle
  6796 | D:9      | Killed a boulder beetle
  6797 | D:9      | Reached skill level 1 in Throwing
  6807 | D:9      | Reached ***** piety under Okawaru
  6807 | D:9      | Received a gift from Okawaru
  6808 | D:9      | Reached skill level 2 in Throwing
  6809 | D:9      | Reached skill level 12 in Fighting
  6810 | D:9      | Reached skill level 16 in Axes
  7128 | D:9      | Received a gift from Okawaru
  7223 | D:9      | Reached skill level 3 in Throwing
  7717 | D:9      | Acquired the +3 buckler "Boaz" {+Inv rElec Dex-5 Stlth+}
  7759 | D:10     | Entered Level 10 of the Dungeon
  7819 | D:10     | Received a gift from Okawaru
  7988 | D:10     | Found a staircase to the Lair.
  7994 | D:10     | Reached skill level 17 in Axes
  7997 | D:10     | Reached skill level 13 in Fighting
  7997 | D:10     | Reached XP level 11. HP: 47/107 MP: 10/10
  7998 | D:10     | HP: 26/107 [yak (4)]
  7999 | D:10     | Reached skill level 4 in Throwing
  8364 | D:10     | Found a staircase to the Orcish Mines.
  8370 | D:10     | Found Wacaff's Armour Shop.
  8497 | D:10     | Found a radiant altar of Vehumet.
  8608 | Orc:1    | Entered Level 1 of the Orcish Mines
  8608 | Orc:1    | Noticed Nergalle
  8616 | Orc:1    | Noticed Harold
  8618 | Orc:1    | Killed Nergalle
  8629 | Orc:1    | Killed Harold
  8642 | Orc:1    | Noticed a two-headed ogre
  8651 | Orc:1    | Killed a two-headed ogre
  8847 | Orc:1    | Noticed Erolcha
  8849 | Orc:1    | You are cast into the Abyss!
  8849 | Abyss:1  | Cast into level 1 of the Abyss (Erolcha)
  8904 | Abyss:1  | Found a corrupted altar of Lugonu.
  8919 | Abyss:1  | Noticed a profane servitor
  8931 | Abyss:1  | HP: 20/100 [profane servitor/+2 whip (12)]
  8936 | Abyss:1  | HP: 23/96 [profane servitor/+2 whip (2)]
  8936 | Abyss:1  | HP: 7/95 [profane servitor/+2 whip (15)]
  8941 | Abyss:1  | HP: 18/93 [profane servitor/+2 whip (14)]
  8942 | Abyss:1  | HP: 6/93 [profane servitor/+2 whip (12)]
  8942 | Abyss:1  | Slain by a profane servitor

Vanquished Creatures
  Harold (Orc:1)
  A boulder beetle (D:9)
  A two-headed ogre (Orc:1)
  Nergalle (Orc:1)
  Pikel (D:4)
  A toenail golem (Abyss:1)
  The ghost of Dillybarz the Caller, a novice FeSu (D:7)
  A troll (D:9)
  Grinder (D:6)
  18 yaks
  Eustachio (D:4)
  3 steam dragons (D:8)
  3 wargs (D:10)
  Menkaure (D:4)
  A water moccasin (D:7)
  3 orc warriors
  An ice beast (D:5)
  A black bear (D:5)
  A sky beast (D:7)
  3 ogres
  2 centaurs (D:7)
  2 bullfrogs (D:8)
  8 kobold brigands
  2 lemures (D:4)
  A necrophage (D:5)
  3 scorpions
  7 wights
  7 howler monkeys
  2 jellies
  3 hounds
  2 gnoll boudas
  7 orc priests
  2 iguanas
  Natasha (twice) (D:3)
  10 orc wizards
  7 adders
  15 gnolls
  A shadow imp (D:7)
  2 ufetubi (D:5)
  2 worms
  2 dart slugs (D:1)
  35 orcs
  7 ball pythons
  9 bats
  8 endoplasms
  2 giant cockroaches
  3 goblins
  4 hobgoblins
  4 jackals (D:5)
  46 kobolds
  7 quokkas
  4 frilled lizards
  5 rats
268 creatures vanquished.

Vanquished Creatures (collateral kills)
  3 orcs (D:4)
  A giant cockroach (D:4)
4 creatures vanquished.

Vanquished Creatures (others)
  An orc wizard (D:8)
  3 orcs (D:8)
4 creatures vanquished.

Grand Total: 276 creatures vanquished

Table legend:
 A = Non-vault XP
 B = Vault XP
 C = Vault XP percentage of total XP
 D = Non-vault monster count
 E = Vault monster count
 F = Vault count percentage of total count
                 A         B        C        D         E       F
            +---------+---------+-------+---------+---------+-------
      Total |   11265 |    4521 |  28.6 |     240 |      31 |  11.4
            +---------+---------+-------+---------+---------+-------
        D:1 |      50 |       0 |   0.0 |      20 |       0 |   0.0
        D:2 |      60 |       0 |   0.0 |      14 |       0 |   0.0
        D:3 |     118 |      35 |  22.9 |      23 |       1 |   4.2
        D:4 |     160 |     968 |  85.8 |      20 |       3 |  13.0
        D:5 |     963 |       0 |   0.0 |      36 |       0 |   0.0
        D:6 |     572 |     277 |  32.6 |      19 |       1 |   5.0
        D:7 |     925 |     613 |  39.9 |      17 |      10 |  37.0
        D:8 |    1312 |       0 |   0.0 |      31 |       0 |   0.0
        D:9 |    3015 |       0 |   0.0 |      35 |       0 |   0.0
       D:10 |    2798 |     939 |  25.1 |      23 |      14 |  37.8
      Orc:1 |     818 |    1689 |  67.4 |       1 |       2 |  66.7
    Abyss:1 |     474 |       0 |   0.0 |       1 |       0 |   0.0
            +---------+---------+-------+---------+---------+-------

Illustrated notes

Table legend:
 A = Kills in this place as a percentage of kills in entire the game.
 B = Kills by you in this place as a percentage of kills by you in the entire game.
 C = Kills by friends in this place as a percentage of kills by friends in the entire game.
 D = Other kills in this place as a percentage of other kills in the entire game.
 E = Experience gained in this place as a percentage of experience gained in the entire game.
 F = Experience gained in this place divided by the number of levels of this place that you have seen.
                   A       B       C       D       E      F
               +-------+-------+-------+-------+-------+----------------------
         Total | 100.0 | 100.0 | 100.0 | 100.0 | 100.0 | 1214.3
       Dungeon |  98.5 |  98.5 | 100.0 | 100.0 |  81.1 | 1280.5
  Orcish Mines |   1.1 |   1.1 |   0.0 |   0.0 |  15.9 | 2507.0
         Abyss |   0.4 |   0.4 |   0.0 |   0.0 |   3.0 | 474.0
               +-------+-------+-------+-------+-------+----------------------

Table legend: (Time is in decaauts)
 A = Elapsed time spent in this place.
 B = Non-inter-level travel time spent in this place.
 C = Inter-level travel time spent in this place.
 D = Time resting spent in this place.
 E = Time spent auto-exploring this place.
 F = Levels seen in this place.
 G = Mean time per level.
                   A        B        C        D        E       F      G
               +--------+--------+--------+--------+--------+-----+--------+
         Total |   8986 |   8600 |    386 |    181 |   7044 |  13 |  691.2 |
       Dungeon |   8616 |   8239 |    377 |      0 |   7033 |  10 |  861.6 |
        Temple |     33 |     24 |      9 |      0 |     11 |   1 |   33.0 |
  Orcish Mines |    242 |    242 |      0 |    181 |      0 |   1 |  242.0 |
         Abyss |     94 |     94 |      0 |      0 |      0 |   1 |   94.0 |
               +--------+--------+--------+--------+--------+-----+--------+

Top non-repeatable levels by time:
     D:5: 1244 daAuts
     D:9: 998 daAuts
     D:6: 988 daAuts
     D:3: 901 daAuts
    D:10: 842 daAuts
     D:8: 798 daAuts
     D:4: 788 daAuts
     D:2: 704 daAuts
     D:7: 688 daAuts
     D:1: 661 daAuts
   Orc:1: 242 daAuts
 Abyss:1: 94 daAuts
  Temple: 33 daAuts
